 Dungeon Crawl Stone Soup version 0.31-a0-702-gf82c85558f (webtiles) character file.

Game seed: 5955398755654812299

134 qw the Shooter (level 5, -2/32 HPs)
             Began as a Gargoyle Hunter on Sept 8, 2023.
             Slain by an endoplasm (3 damage)
             ... on level 3 of the Dungeon.
             The game lasted 00:00:49 (1637 turns).

qw the Shooter (Gargoyle Hunter)                    Turns: 1637, Time: 00:00:50

Health: -2/32      AC:  7    Str: 15    XL:     5   Next: 17%
Magic:  5/5        EV: 11    Int:  9    God:
Gold:   28         SH:  0    Dex: 15    Spells: 4/4 levels left

rFire   . . .        Y - +0 shortbow
rCold   . . .        (shield currently unavailable)
rNeg    + . .        c - +0 leather armour
rPois   inf          (no helmet)
rElec   +            (no cloak)
rCorr   .            (no gloves)
SInv    .            (no boots)
Will    .....        (no amulet)
Stlth   ++           (no ring)
HPRegen 0.25/turn    (no ring)
MPRegen 0.09/turn

%: no passive effects
@: no status effects
A: sickness immunity, AC +4, negative energy resistance 1, electricity
resistance, torment resistance 1, petrification resistance
a: no special abilities


You were on level 3 of the Dungeon.
You visited 1 branch of the dungeon, and saw 3 of its levels.

You collected 106 gold pieces.
You spent 78 gold pieces at shops.


Innate Abilities, Weirdness & Mutations

You are immune to sickness and miasma.
Your stone body is resilient. (AC +4)
You are immune to poison.
You resist negative energy. (rN+)
You are resistant to electric shocks. (rElec)
You are resistant to unholy torment.
You are immune to petrification.


   Skills:
 + Level 3.0 Fighting
 - Level 6.0 Ranged Weapons
 - Level 1.5 Dodging
 - Level 1.1 Stealth


You had 4 spell levels left.
You didn't know any spells.
Your spell library was empty.

Inventory:

Hand Weapons
 Y - a +0 shortbow (weapon)
Armour
 c - a +0 leather armour (worn)
Scrolls
 d - a scroll of identify
Potions
 a - a potion of resistance
 e - a potion of haste
 h - a potion of lignification {unknown}
 i - a potion of might {unknown}
 k - a potion of invisibility {unknown}

Dungeon Overview and Level Annotations

Branches:
Dungeon (3/15)

Altars:

Shops:
D:2 ?


Message History

The orc shouts!
The arrow hits the orc but does no damage.
The orc throws a boomerang.
The boomerang barely misses you. The orc barely misses you.
The endoplasm hits you but does no damage.
You shoot an arrow.
The arrow hits the orc but does no damage.
The orc hits you with a +0 dagger. The endoplasm hits you.
You shoot an arrow. The arrow closely misses the orc.
The endoplasm closely misses you. The orc hits you but does no damage.
You shoot an arrow. The arrow hits the orc!
You kill the orc!
The orc hits you but does no damage. The orc closely misses you.
The endoplasm hits you but does no damage.
You shoot an arrow. The arrow hits the orc.
You kill the orc!
The orc completely misses you. The endoplasm freezes you.
You are frozen.
You shoot an arrow. The arrow closely misses the orc.
The orc throws a boomerang.
The boomerang hits you. The endoplasm closely misses you. The orc misses you.
The orc priest calls down the wrath of Beogh upon you.
Pain shoots through your body! The orc closely misses you.
The endoplasm closely misses you.
The orc throws a boomerang.
The boomerang hits you but does no damage.
You shoot an arrow. The arrow hits the orc.
The orc is moderately wounded.
The orc throws a boomerang.
The boomerang misses you. The orc barely misses you.
The endoplasm jiggles.
The endoplasm freezes you.
You are frozen.
You shoot an arrow. The arrow hits the orc.
The orc is almost dead.
The orc priest barely misses you. The orc hits you but does no damage.
The endoplasm closely misses you.
You shoot an arrow. The arrow hits the orc.
You kill the orc!
The endoplasm hits you.
You die...

... ###........
#.# #. #.........
.....#.##.).......
#.##......).......
#....#..##........
#.......>........
.#.....##...#.....
.....)J..)......%.
.......@..........
.##...)o).........
....../o..........
..###.#..........
. #.#..........
..#.......... ?.
.......... ...
.........


You could see an orc priest, an orc and an endoplasm.

Vanquished Creatures
  An orc wizard (D:3)
  3 adders
  A dart slug (D:2)
  5 orcs (D:3)
  12 endoplasms
  2 giant cockroaches
  5 goblins
  9 hobgoblins
  4 jackals (D:1)
  4 kobolds
  4 quokkas
  3 ball pythons
  6 bats
  5 frilled lizards
  5 rats
69 creatures vanquished.

Notes
Turn   | Place    | Note
-------+----------+-------------------------------------------
     0 | D:1      | qw the Gargoyle Hunter began the quest for the Orb.
     0 | D:1      | Reached XP level 1. HP: 12/12 MP: 1/1
     0 | D:1      | 0 ||| qw: Version: 0.3-a-76-g4403597
     0 | D:1      | 0 ||| qw: Game counter: 995
     0 | D:1      | 0 ||| qw: Melee chars always use a shield: true
     0 | D:1      | 0 ||| qw: God list: Okawaru
     0 | D:1      | 0 ||| qw: Allow faded altars: false
     0 | D:1      | 0 ||| qw: Do Orc after clearing Dungeon:15 true
     0 | D:1      | 0 ||| qw: Do second Lair branch before Depths: true
     0 | D:1      | 0 ||| qw: Lair rune preference: random
     0 | D:1      | 0 ||| qw: Goals: Normal
     0 | D:1      | 0 ||| PLANNING D:1-11
   176 | D:1      | Reached XP level 2. HP: 17/17 MP: 2/2
   336 | D:1      | Reached XP level 3. HP: 19/21 MP: 3/3
   344 | D:1      | Reached skill level 5 in Ranged Weapons
   791 | D:1      | 791 ||| READING scroll labelled BEYSIROPP.
   792 | D:1      | 792 ||| READING scroll labelled ANON AQUINGUASM.
   793 | D:1      | 793 ||| READING scroll labelled OSHRUBREEJEI.
   794 | D:1      | 794 ||| READING scroll labelled ANKESESAIPT.
   795 | D:1      | 795 ||| READING scroll labelled ZEIHEPR BUSUI.
   800 | D:1      | 800 ||| DROPPING scroll of butterflies.
   905 | D:2      | Reached skill level 3 in Fighting
   917 | D:2      | Reached XP level 4. HP: 26/28 MP: 4/4
  1058 | D:2      | Found Ykyrei's Magic Scroll Shoppe.
  1065 | D:2      | 1065 ||| BUYING 3 scrolls of identify (78 gold).
  1065 | D:2      | Bought 3 scrolls of identify for 78 gold pieces
  1065 | D:2      | 1065 ||| SHOPLISTING scroll of identify (26 gold, have 15).
  1468 | D:2      | 1468 ||| DROPPING ring of wizardry.
  1469 | D:2      | 1469 ||| READING 2 scrolls labelled PUMETZIPEI.
  1470 | D:2      | 1470 ||| READING scroll labelled EGURHI KUREAS.
  1471 | D:2      | 1471 ||| READING 3 scrolls of identify.
  1471 | D:2      | 1471 ||| IDENTIFYING smoky inky potion
  1472 | D:2      | 1472 ||| READING 2 scrolls of identify.
  1472 | D:2      | 1472 ||| IDENTIFYING sedimented silvery potion
  1473 | D:2      | 1473 ||| DROPPING scroll of immolation.
  1541 | D:3      | Reached XP level 5. HP: 18/32 MP: 5/5
  1541 | D:3      | 1541 ||| FLEEEEING.
  1629 | D:3      | Reached skill level 6 in Ranged Weapons
  1633 | D:3      | HP: 7/32 [frozen (5)]
  1635 | D:3      | HP: 1/32 [frozen (4)]
  1637 | D:3      | Slain by an endoplasm

Levels and vault maps discovered:
D:1:      amcnicky_arrival_flooded_fountain, layout_basic
D:2:      layout_loops_ring, serial_shops, nicolae_shop_stone
D:3:      layout_rooms, grunt_dithmenos_smoke_and_mirrors,
          mainiacjoe_overflow_alcove_1, shapermc_ecumenical_altar_notcrosses

Skill      XL: |  1  2  3  4  5 |
---------------+----------------+-----
Ranged Weapons | 5 6 |  6.0
Fighting       | 3 |  3.0
Dodging        | |  1.5
Stealth        | |  1.1

Action                     |  1- 3 |  4- 6 || total
---------------------------+-------+-------++-------
   Fire: Shortbow          |   117 |    98 ||   215
    Use: Scroll            |     5 |     4 ||     9
 Armour: Leather armour    |    29 |    49 ||    78
  Dodge: Dodged            |    28 |    42 ||    70

Table legend:
 A = Non-vault XP
 B = Vault XP
 C = Vault XP percentage of total XP
 D = Non-vault monster count
 E = Vault monster count
 F = Vault count percentage of total count
                 A         B        C        D         E       F
            +---------+---------+-------+---------+---------+-------
      Total |     195 |       0 |   0.0 |      69 |       0 |   0.0
            +---------+---------+-------+---------+---------+-------
        D:1 |      58 |       0 |   0.0 |      35 |       0 |   0.0
        D:2 |      64 |       0 |   0.0 |      22 |       0 |   0.0
        D:3 |      73 |       0 |   0.0 |      12 |       0 |   0.0
            +---------+---------+-------+---------+---------+-------
